cohdb
Replays
Latest Replays
All Replays
Popular Replays
Top Player Replays
Match Explorer
How It Works
Community
CoH3 Stats
Reddit
Sign in to upload your games and track your stats! →
Sign in with Steam
Match 41783647
Unlisted
Match 41783647
Overview
Messages
Build Orders
End
Panzergrenadier Squad
Panzergrenadier Squad
Panzergrenadier Squad
Construct Light Support Kompanie
MG34 Team
Selects Italian Infantry
Selects Guastatori Squad
Selects L6/40 Light Tank Combat Group
Panzerjäger Mechanized Group
2.5-tonne Medical Truck
Construct Mechanized Kompanie
Saueee
JimmyS
Billy Mitchell
TL
0
0
Comments
sign in to comment!
No comments posted yet!